 Dungeon Crawl Stone Soup version 0.26.1-11-gd32895ea62 (webtiles) character file.

Game seed: 8396218355901904547

1815 unlimited1921 the Vexing (level 9, -12/66 HPs)
             Began as a Gnoll Arcane Marksman on July 22, 2021.
             Was a Believer of Okawaru.
             Mangled by a cyan ugly thing (15 damage)
             ... on level 6 of the Dungeon.
             The game lasted 01:59:33 (9435 turns).

unlimited1921 the Vexing (Gnoll Arcane Marksman)    Turns: 9435, Time: 01:59:33

Health: -12/66     AC: 10    Str: 16    XL:     9   Next: 10%
Magic:  16/16      EV: 13    Int: 15    God:    Okawaru [**....]
Gold:   475        SH:  0    Dex: 16    Spells: 11/17 levels left

rFire    . . .     SeeInvis .   a - +0 shortbow
rCold    . . .     Faith    .   (shield currently unavailable)
rNeg     . . .     Spirit   .   o - +0 scale mail
rPois    .         Reflect  .   r - +1 helmet
rElec    .         Harm     .   v - +0 cloak
rCorr    .         Rampage  .   (no gloves)
Will     .....                  (no boots)
Stlth    +.........             (no amulet)
HPRegen  0.21/turn              j - ring of flight
MPRegen  0.15/turn              (no ring)

@: hasted, very quick
A: distributed training, fangs 1, strong nose
a: Renounce Religion, Evoke Flight, Heroism


You were on level 6 of the Dungeon.
You worshipped Okawaru.
Okawaru was pleased with you.
You visited 2 branches of the dungeon, and saw 8 of its levels.

You collected 475 gold pieces.

Inventory:

Hand Weapons
 a - a +0 shortbow (weapon)
 b - a +1 whip of draining
 k - a +1 whip of venom
 q - a +0 flail
 u - a +3 quarterstaff of chaos
 y - a +2 long sword of electrocution
 z - a +0 glaive
 B - a +0 trident
 E - a +0 hunting sling
 G - a +0 flail of protection
 I - a +0 war axe
Missiles
 c - 204 stones (quivered)
 d - 22 arrows (quivered ammo)
 p - 121 bolts
 t - 50 sling bullets
 F - 30 poisoned darts
 H - 8 boomerangs
Armour
 e - a +0 robe
 o - a +0 scale mail (worn)
 r - a +1 helmet (worn)
 v - a +0 cloak (worn)
 D - a +0 ring mail
Jewellery
 j - a ring of flight (left hand)
Wands
 K - a wand of polymorph (4)
Scrolls
 i - 2 scrolls of remove curse
 n - a scroll of teleportation
 w - a scroll of fear
 A - a scroll of magic mapping {unknown}
Potions
 f - 2 potions of resistance
 g - a potion of lignification
 h - a potion of attraction {unknown}
 m - a potion of haste
 s - 3 potions of brilliance
 x - a potion of heal wounds {unknown}
 C - a potion of invisibility {unknown}
 J - a potion of magic {unknown}
 L - a potion of curing {unknown}
 M - a potion of degeneration {unknown}
 N - a potion of flight {unknown}


   Skills:
 + Level 4.7 Fighting
 + Level 3.9 Short Blades
 + Level 3.9 Long Blades
 + Level 3.9 Axes
 + Level 3.9 Maces & Flails
 + Level 3.9 Polearms
 + Level 3.9 Staves
 + Level 3.9 Slings
 + Level 6.1 Bows
 + Level 3.9 Crossbows
 + Level 3.9 Throwing
 + Level 3.9 Armour
 + Level 6.1 Dodging
 + Level 3.9 Stealth
 + Level 3.9 Shields
 + Level 3.9 Unarmed Combat
 + Level 4.9 Spellcasting
 + Level 3.2 Conjurations
 + Level 6.4 Hexes
 + Level 3.2 Summonings
 + Level 3.2 Necromancy
 + Level 3.2 Translocations
 + Level 3.2 Transmutations
 + Level 3.2 Fire Magic
 + Level 3.2 Ice Magic
 + Level 3.2 Air Magic
 + Level 3.2 Earth Magic
 + Level 3.2 Poison Magic
 + Level 4.3 Invocations
 + Level 3.9 Evocations


You had 11 spell levels left.
You knew the following spells:

 Your Spells              Type           Power        Failure   Level
a - Corona                Hex            24%          4%          1
b - Slow                  Hex            22%          6%          2
c - Inner Flame           Hex/Fire       18%          24%         3

Your spell library contained the following spells:

 Spells                   Type           Power        Failure   Level
 Portal Projectile        Hex/Tloc       36%          24%         3
 Cause Fear               Hex            11%          38%         4
 Leda's Liquefaction      Hex/Erth       9%           61%         4


Dungeon Overview and Level Annotations

Branches:
Dungeon (7/15)             Temple (1/1) D:5

Altars:
Ashenzari
Cheibriados
Dithmenos
Elyvilon
Fedhas
Gozag
Hepliaklqana
Kikubaaqudgha
Makhleb
Nemelex Xobeh
Okawaru
Qazlal
Ru
Sif Muna
Trog
Uskayaw
Vehumet
Wu Jian
Xom
Yredelemnul
Zin
The Shining One


Innate Abilities, Weirdness & Mutations

Your experience applies equally to all skills.
You have very sharp teeth.
Your uncanny sense of smell can sniff out nearby items.


Message History

Aiming: Slow (safe; 6% risk of failure)
Press: ? - help, Shift-Dir - straight line, f/p - cyan ugly thing
Aim: a cyan ugly thing (chance to affect: 44%)
The cyan ugly thing resists with some effort.
As you read the scroll of fear, it crumbles to dust.
You assume a fearsome visage.
The cyan ugly thing looks frightened!
You shoot an arrow. The arrow hits the cyan ugly thing.
Your attack snaps the cyan ugly thing out of its fear.
The cyan ugly thing is lightly wounded.
You shoot an arrow. The arrow hits the cyan ugly thing.
The cyan ugly thing is lightly wounded.
You shoot an arrow.
The arrow hits the cyan ugly thing but does no damage.
The cyan ugly thing is lightly wounded.
The cyan ugly thing stings you! The cyan ugly thing shocks you!
* * * LOW HITPOINT WARNING * * *
You feel yourself speed up. The cyan ugly thing stings you!
* * * LOW HITPOINT WARNING * * *
The cyan ugly thing shocks you!
You die...

......###[.#.#...............# ##
......[....#...............u.# #.
......###....#...............###.
......# #.......#####...####.....
......# #.......# #...# #####.
####### #.##.#.## #.#.# #.
#.##.#.# #...# #.
########.##.#.######...###### ##
#......#.#....u@...#.#......####
#.####.#......##.#.#............
#.####.###....##.#.####......<##
##.#.....(((..#................#
.....##.###[#..##.#.####.......#
##^####.# #[)..##.#.# #.......#
#......# #..#......# #.......##
######## ##...###### #.........
##.## #####.#..#.#


You could see a cyan ugly thing.

Vanquished Creatures
  3 yaks (D:5)
  2 phantoms
  An ogre (D:7)
  A centaur (D:5)
  4 bullfrogs
  2 scorpions (D:4)
  A hound (D:3)
  3 orc priests (D:5)
  2 jellies (D:6)
  Crazy Yiuf (D:3)
  6 orc wizards
  An iguana (D:7)
  A worker ant (D:7)
  A hound skeleton (D:6)
  Robin (D:2)
  9 adders
  A shadow imp (D:5)
  A white imp (D:4)
  An ufetubus (D:6)
  An adder skeleton (D:7)
  3 worms
  3 dart slugs
  3 leopard geckos
  19 orcs
  4 giant cockroaches
  14 goblins
  6 hobgoblins
  12 jackals
  3 quokkas
  3 ball pythons
  5 bats
  4 frilled lizards
  11 kobolds
  7 rats
140 creatures vanquished.

Notes
Turn   | Place    | Note
-------+----------+-------------------------------------------
     0 | D:1      | unlimited1921 the Gnoll Arcane Marksman began the quest for
                  | the Orb.
     0 | D:1      | Reached XP level 1. HP: 17/17 MP: 4/4
   148 | D:1      | Reached XP level 2. HP: 23/23 MP: 5/5
   634 | D:1      | Reached XP level 3. HP: 28/28 MP: 7/7
  1061 | D:1      | Learned a level 2 spell: Slow
  1065 | D:1      | Learned a level 3 spell: Inner Flame
  1101 | D:2      | Reached skill level 1 in Invocations
  1371 | D:2      | Reached skill level 1 in Short Blades
  1371 | D:2      | Reached skill level 1 in Long Blades
  1371 | D:2      | Reached skill level 1 in Axes
  1371 | D:2      | Reached skill level 1 in Maces & Flails
  1371 | D:2      | Reached skill level 1 in Polearms
  1371 | D:2      | Reached skill level 1 in Staves
  1371 | D:2      | Reached skill level 1 in Slings
  1371 | D:2      | Reached skill level 1 in Crossbows
  1371 | D:2      | Reached skill level 1 in Throwing
  1371 | D:2      | Reached skill level 1 in Armour
  1371 | D:2      | Reached skill level 1 in Stealth
  1371 | D:2      | Reached skill level 1 in Shields
  1371 | D:2      | Reached skill level 1 in Unarmed Combat
  1371 | D:2      | Reached skill level 1 in Evocations
  1630 | D:2      | Reached XP level 4. HP: 26/34 MP: 8/8
  1819 | D:2      | Found a sparkling altar of Nemelex Xobeh.
  1957 | D:2      | Noticed Robin
  1963 | D:2      | Killed Robin
  1964 | D:2      | Reached skill level 1 in Conjurations
  1964 | D:2      | Reached skill level 1 in Summonings
  1964 | D:2      | Reached skill level 1 in Necromancy
  1964 | D:2      | Reached skill level 1 in Translocations
  1964 | D:2      | Reached skill level 1 in Transmutations
  1964 | D:2      | Reached skill level 1 in Fire Magic
  1964 | D:2      | Reached skill level 1 in Ice Magic
  1964 | D:2      | Reached skill level 1 in Air Magic
  1964 | D:2      | Reached skill level 1 in Earth Magic
  1964 | D:2      | Reached skill level 1 in Poison Magic
  2485 | D:3      | Reached XP level 5. HP: 39/40 MP: 9/9
  2897 | D:3      | Found a blossoming altar of Fedhas.
  3280 | D:3      | Found a burning altar of Makhleb.
  3456 | D:3      | Found a runed translucent door.
  3457 | D:3      | Noticed Crazy Yiuf
  3661 | D:3      | Killed Crazy Yiuf
  3919 | D:4      | Reached XP level 6. HP: 39/47 MP: 10/10
  3922 | D:4      | Found a hazy altar of Hepliaklqana.
  4792 | D:4      | Reached skill level 5 in Bows
  4792 | D:4      | Reached skill level 5 in Dodging
  4970 | D:5      | Entered Level 5 of the Dungeon
  5217 | D:5      | Found a staircase to the Ecumenical Temple.
  5652 | D:5      | Reached XP level 7. HP: 52/52 MP: 3/12
  6113 | D:5      | Found a white marble altar of Elyvilon.
  6851 | Temple   | Entered the Ecumenical Temple
  7205 | Temple   | Became a worshipper of Warmaster Okawaru
  7281 | D:6      | Noticed a yak
  7281 | D:6      | Noticed a yak
  7281 | D:6      | Noticed a yak
  7386 | D:5      | Killed a yak
  7556 | D:5      | Killed a yak
  7556 | D:5      | Reached * piety under Okawaru
  7557 | D:5      | Reached XP level 8. HP: 29/60 MP: 12/14
  7747 | D:5      | Killed a yak
  9219 | D:7      | Reached XP level 9. HP: 66/66 MP: 14/16
  9226 | D:7      | Reached ** piety under Okawaru
  9329 | D:7      | Noticed a cyan ugly thing
  9435 | D:6      | HP: 3/66 [cyan ugly thing (10)]
  9435 | D:6      | Mangled by a cyan ugly thing

Illustrated notes

Levels and vault maps discovered:
D:1:      lordsloth_arrival_two_stooges, layout_basic
D:2:      layout_rooms, lemuel_round_altar, st_stairs_14, kennysheep_donut,
          kennysheep_doodads, minmay_misc_feat_nine_boxes, uniq_robin
D:3:      layout_basic, overflow_temple_1_default, makhleb_blood_cavern_becter,
          uniq_crazy_yiuf_cottage
D:4:      layout_loops_ring, lemuel_crystal_altar, chequers_arboretum
D:5:      layout_rooms, elyvilon_altar_3, minmay_temple_entry_proselytizer
D:6:      layout_loops_cross
D:7:      layout_rooms
Temple:   dpeg_five_rooms_temple

Skill      XL: |  1  2  3  4  5  6  7  8 |
---------------+-------------------------+-----
Invocations    | 1 2 3 4 |  4.3
Short Blades   | 1 2 3 |  3.9
Long Blades    | 1 2 3 |  3.9
Axes           | 1 2 3 |  3.9
Maces & Flails | 1 2 3 |  3.9
Polearms       | 1 2 3 |  3.9
Staves         | 1 2 3 |  3.9
Slings         | 1 2 3 |  3.9
Crossbows      | 1 2 3 |  3.9
Throwing       | 1 2 3 |  3.9
Armour         | 1 2 3 |  3.9
Stealth        | 1 2 3 |  3.9
Shields        | 1 2 3 |  3.9
Unarmed Combat | 1 2 3 |  3.9
Evocations     | 1 2 3 |  3.9
Spellcasting   | 3 4 |  4.9
Conjurations   | 1 2 3 |  3.2
Summonings     | 1 2 3 |  3.2
Necromancy     | 1 2 3 |  3.2
Translocations | 1 2 3 |  3.2
Transmutations | 1 2 3 |  3.2
Fire Magic     | 1 2 3 |  3.2
Ice Magic      | 1 2 3 |  3.2
Air Magic      | 1 2 3 |  3.2
Earth Magic    | 1 2 3 |  3.2
Poison Magic   | 1 2 3 |  3.2
Fighting       | 3 4 |  4.7
Bows           | 5 6 |  6.1
Dodging        | 5 6 |  6.1
Hexes          | 6 |  6.4

Action                   |  1- 3 |  4- 6 |  7- 9 || total
-------------------------+-------+-------+-------++-------
Melee: Whip              |    82 |    27 |       ||   109
       Bite              |     9 |     4 |    12 ||    25
       Quarterstaff      |       |    36 |    31 ||    67
       Long sword        |       |       |    88 ||    88
       Punch             |       |       |     2 ||     2
 Fire: Shortbow          |    31 |   124 |    42 ||   197
Throw: Stone             |    38 |    22 |       ||    60
       Dart              |       |       |    69 ||    69
 Cast: Slow              |       |    14 |    26 ||    40
       Corona            |       |     6 |     8 ||    14
       Inner Flame       |       |       |     1 ||     1
  Use: Scroll            |     4 |     9 |     4 ||    17
       Potion            |       |       |     1 ||     1
 Stab: Sleeping          |     1 |       |       ||     1
Armor: Robe              |     7 |       |       ||     7
       Scale mail        |    17 |    60 |    55 ||   132
       Leather armour    |     8 |       |       ||     8
Dodge: Dodged            |    55 |   102 |    98 ||   255
       Rpst.: Long sword |       |       |    22 ||    22
